Map: [TLMC15] Curious Minds

Players

Dark

  • Race: Zerg Zerg

Maru - Winner!

  • Race: Terran Terran

Event: DreamHack SC2 Masters 2021 Winter

VOD

Have the link to the VOD?

Description

Time

  • Played on: Nov. 13, 2021, 10:29 a.m.
  • Length: 28:17

All games in this series

Show
View Real Time Build Order
Export as new Build Order

Dark Zerg 

Build Orders: Hatch First, Lurkers 

Get SALT Encoding   

  12  0:00  Drone  
  13  0:12  Overlord  
  13  0:17  Drone  
  14  0:30  Drone x2  
  16  0:47  Hatchery  
  15  0:50  Drone  
  15  0:54  Drone  
  17  1:00  Drone  
  18  1:08  Extractor  
  17  1:13  Spawning Pool  
  17  1:15  Drone  
  17  1:18  Drone  
  18  1:28  Drone  
  19  1:41  Drone  
  20  1:51  Drone  
  21  2:00  Queen x2  
  21  2:01  Zergling x4  
  27  2:12  Overlord  
  27  2:13  Drone  
  28  2:20  Hatchery  
  27  2:23  Drone  
  28  2:31  Drone x2  
  28  2:36  Drone  
  31  2:39  Queen  
  33  2:44  Drone  
  33  2:45  Drone  
  35  2:55  Overlord  
  35  2:56  Drone  
  36  3:09  Overlord  
  36  3:13  Zergling x2  
  36  3:14  Drone x2, Zergling x4  
  36  3:15  Queen  
  43  3:21  Drone  
  43  3:23  Roach Warren  
  43  3:28  Overlord  
  43  3:33  Queen  
  43  3:34  Overlord  
  45  3:39  Drone  
  46  3:41  Drone x3  
  48  3:49  Drone x2  
  48  3:50  Extractor  
  46  4:17  Drone x9  
  53  4:25  Spore Crawler  
  53  4:27  Drone x2  
  53  4:29  Drone x2  
  56  4:33  Overlord  
  56  4:35  Roach x3  
  56  4:37  Lair  
  63  4:41  Overlord  
  63  4:48  Spore Crawler, Extractor x2  
  63  4:51  Spore Crawler  
  59  4:53  Drone  
  59  4:55  Drone x4  
  59  4:56  Drone  
  65  5:00  Drone x3  
  65  5:04  Overlord  
  65  5:06  Drone  
  69  5:07  Drone  
  69  5:11  Drone x2  
  72  5:14  Drone x2  
  72  5:17  Overlord  
  74  5:21  Overlord  
  74  5:23  Drone  
  74  5:24  Drone x2  
  74  5:28  Drone x2  
  79  5:30  Drone x2  
  81  5:38  Drone, Evolution Chamber, Glial Reconstitution  
  81  5:40  Drone, Evolution Chamber  
  81  5:44  Drone x2  
  81  5:45  Drone x2  
  81  5:46  Drone  
  81  5:49  Drone x2  
  88  5:50  Drone  
  88  5:54  Drone  
  88  5:56  Drone x2  
  92  6:02  Extractor x2  
  90  6:04  Zerg Missile Weapons Level 1  
  90  6:06  Zerg Ground Armor Level 1  
  90  6:11  Overlord  
  90  6:18  Overlord  
  90  6:20  Overlord  
  90  6:22  Roach x4  
  98  6:28  Hatchery  
  98  6:31  Roach x4  
  98  6:32  Overlord x2  
  105  6:42  Overlord  
  105  6:43  Roach x3  
  105  6:44  Roach x3  
  119  6:47  Roach  
  119  6:50  Roach  
  119  6:54  Roach  
  123  6:56  Roach  
  123  6:57  Roach x2  
  123  6:59  Roach  
  131  7:02  Roach x2  
  131  7:03  Roach x2  
  131  7:06  Roach  
  141  7:11  Roach  
  143  7:19  Ravager x3  
  143  7:21  Overlord x2  
  146  7:23  Overlord  
  146  7:33  Roach x2  
  146  7:37  Roach  
  144  7:38  Roach x2  
  144  7:39  Roach x7  
  144  7:42  Roach  
  157  7:48  Roach x4  
  159  7:52  Overlord x2  
  159  7:56  Overlord  
  159  7:57  Overlord  
  159  8:02  Overlord  
  159  8:05  Ravager  
  160  8:10  Ravager x9  
  160  8:12  Roach x2  
  175  8:13  Ravager, Roach  
  175  8:15  Roach  
  175  8:17  Roach  
  175  8:18  Roach  
  182  8:21  Roach  
  182  8:24  Roach x2  
  178  8:37  Zerg Missile Weapons Level 2, Zerg Ground Armor Level 2  
  168  8:43  Drone x9  
  168  8:44  Drone  
  178  8:50  Ravager, Overseer x3  
  178  8:53  Drone x2  
  181  8:55  Metabolic Boost  
  181  8:58  Spore Crawler  
  181  9:02  Ravager  
  176  9:05  Roach x4  
  176  9:09  Queen  
  186  9:10  Queen  
  188  9:23  Zergling x2  
  188  9:24  Zergling x20  
  199  9:29  Spore Crawler  
  199  9:30  Extractor x2  
  196  9:35  Zergling x4  
  196  9:38  Infestation Pit, Zergling x4  
  199  9:49  Zergling x2  
  200  10:14  Hatchery  
  200  10:20  Roach x22  
  190  10:22  Roach  
  171  10:31  Roach x3  
  171  10:34  Queen  
  171  10:36  Roach  
  171  10:37  Overlord  
  171  10:38  Overlord x2  
  171  10:39  Ravager x3  
  171  10:42  Hive  
  176  10:43  Overlord  
  176  10:45  Overlord x3  
  175  10:57  Ravager x3, Zergling x8  
  176  10:58  Ravager x5  
  176  11:02  Hydralisk Den  
  186  11:06  Roach x2  
  184  11:20  Roach x11  
  184  11:24  Roach  
  184  11:25  Roach  
  178  11:28  Ravager x7  
  185  11:36  Drone x3  
  185  11:37  Drone, Lurker Den  
  186  11:51  Zergling x2  
  186  11:52  Zergling x6  
  189  12:03  Hydralisk x4  
  189  12:05  Extractor  
  196  12:11  Zerg Ground Armor Level 3, Zerg Missile Weapons Level 3  
  192  12:24  Viper x2  
  198  12:34  Extractor  
  198  12:35  Spore Crawler  
  196  12:37  Adaptive Talons  
  184  12:45  Lurker x3  
  184  12:46  Zergling x26  
  198  13:07  Hatchery, Lurker  
  198  13:08  Hydralisk  
  194  13:25  Hydralisk x5  
  187  13:39  Hydralisk x2  
  178  13:41  Hydralisk x6  
  178  13:42  Roach  
  178  13:43  Roach x2  
  193  13:53  Hydralisk x3  
  193  13:54  Hydralisk  
  187  13:56  Drone x2  
  187  13:59  Extractor  
  186  14:07  Lurker x8  
  160  14:17  Lurker x2  
  160  14:18  Zergling x12  
  158  14:30  Lurker x2  
  158  14:35  Drone x3  
  158  14:36  Drone x4  
  158  14:37  Drone  
  158  14:38  Lurker  
  167  14:40  Zergling x2  
  167  14:44  Lurker  
  166  14:47  Zergling x4  
  166  14:48  Zergling x2  
  166  14:51  Lurker  
  171  14:52  Zergling x2  
  171  14:57  Extractor x2  
  171  14:58  Seismic Spines  
  165  15:07  Hydralisk x2  
  167  15:16  Drone  
  167  15:17  Drone x2  
  167  15:19  Zerg Melee Weapons Level 1  
  167  15:24  Drone x6  
  167  15:25  Drone, Hatchery  
  173  15:31  Drone  
  173  15:34  Lurker x2  
  176  15:36  Drone x3  
  176  15:39  Spore Crawler  
  178  15:43  Grooved Spines, Overseer  
  178  15:44  Overseer  
  178  15:46  Drone  
  178  15:47  Drone  
  180  16:01  Hatchery  
  178  16:10  Hydralisk x5  
  179  16:25  Drone  
  171  16:27  Drone x4  
  171  16:28  Drone x2  
  171  16:29  Drone x2  
  171  16:31  Hydralisk  
  178  16:33  Overseer  
  178  16:35  Pneumatized Carapace  
  178  16:41  Hydralisk x3  
  178  16:43  Zergling x6  
  178  16:44  Lurker x2  
  189  16:48  Lurker x3  
  189  16:52  Zergling x4  
  189  16:53  Spore Crawler  
  193  16:54  Muscular Augments  
  193  17:00  Overlord x2  
  193  17:01  Overseer  
  193  17:07  Drone x3  
  196  17:15  Zerg Melee Weapons Level 2  
  196  17:18  Baneling Nest  
  196  17:20  Extractor  
  196  17:22  Zergling x4  
  196  17:27  Zergling x6  
  188  17:55  Hydralisk x5  
  188  17:56  Hydralisk  
  200  18:04  Centrifugal Hooks  
  200  18:10  Spore Crawler  
  191  18:28  Overseer x2  
  176  18:34  Hydralisk x3  
  176  18:38  Hydralisk x4  
  176  18:40  Zergling x8  
  188  18:51  Hydralisk x4  
  188  18:52  Hydralisk x3  
  188  18:53  Zergling x2  
  188  18:54  Zergling x2, Queen x2  
  195  19:00  Hydralisk x2, Adrenal Glands  
  199  19:29  Lurker x3  
  199  19:32  Overseer x2, Spore Crawler  
  199  19:33  Spore Crawler  
  194  19:41  Zerg Melee Weapons Level 3, Hatchery  
  193  19:55  Queen  
  193  19:56  Queen  
  197  20:08  Drone  
  198  20:26  Baneling x4  
  198  20:27  Baneling x2  
  198  20:56  Overseer x4  
  189  21:14  Spire  
  189  21:16  Zergling x22  
  198  21:42  Zergling x4  
  200  21:56  Overseer  
  188  22:05  Zergling x36  
  174  22:13  Zergling x12  
  174  22:19  Overseer x2  
  174  22:20  Overlord  
  174  22:21  Overlord x2  
  174  22:22  Overseer x3  
  172  22:27  Hatchery  
  171  22:31  Lurker x8  
  171  22:32  Baneling, Lurker x8  
  171  22:34  Zergling x12  
  193  22:42  Overseer  
  193  22:43  Overseer x7, Overlord  
  193  22:44  Overlord x2  
  192  22:48  Zergling x6  
  195  23:02  Zerg Flyer Weapons Level 1  
  158  23:33  Burrow  
  154  23:36  Corruptor x8  
  154  23:37  Viper x2  
  154  23:39  Zergling x22  
  181  23:45  Spine Crawler x2  
  181  23:46  Spine Crawler  
  171  23:49  Zergling x4  
  171  23:53  Zergling x2  
  171  23:54  Zergling x6  
  176  23:56  Zergling x4  
  176  23:57  Zergling x6  
  176  24:01  Zergling x6  
  184  24:03  Zergling x4  
  180  24:11  Queen  
  180  24:13  Zergling x6  
  180  24:14  Zergling x2  
  180  24:16  Zergling x2  
  185  24:25  Zergling x2  
  185  24:26  Zergling x12  
  185  24:42  Zergling x20  
  183  24:49  Zergling x12  
  189  24:53  Hatchery  
  182  25:05  Overseer x12  
  182  25:06  Hydralisk x10  
  191  25:10  Hydralisk  
  178  25:14  Hydralisk x2  
  180  25:22  Zergling x4  
  180  25:23  Zergling x4  
  180  25:26  Overseer x12  
  168  25:36  Hydralisk x3  
  168  25:40  Hydralisk x2  
  161  25:44  Corruptor x13  
  187  25:50  Hatchery  
  187  25:52  Lurker x4  
  185  26:08  Lurker x3  
  185  26:09  Lurker x7  
  194  26:11  Lurker  
  194  26:17  Zergling x4  
  191  26:31  Corruptor x2  
  192  26:45  Overseer x7  
  169  26:58  Overseer x9  
  161  27:02  Zergling x16  
  161  27:05  Zergling x6  
  169  27:14  Zergling x10  
  141  27:37  Zergling x16  
  134  27:46  Hydralisk x2  
  134  27:47  Hydralisk  
  134  27:57  Zergling x4  
  134  27:58  Zergling x2  
  134  28:05  Hatchery  
Show
View Real Time Build Order
Export as new Build Order

Maru Terran - Winner!

Build Orders: Hellion Banshee 

Get SALT Encoding   

  12  0:00  SCV  
  13  0:12  SCV  
  14  0:17  Supply Depot  
  14  0:24  SCV  
  15  0:38  SCV  
  15  0:40  Barracks  
  16  0:43  Refinery  
  16  0:50  SCV  
  17  1:02  SCV  
  18  1:14  SCV  
  19  1:26  Marine  
  19  1:27  Orbital Command  
  20  1:38  Command Center  
  20  1:44  Marine  
  21  1:53  Supply Depot, SCV  
  22  2:03  Factory  
  22  2:08  SCV  
  23  2:11  Barracks Reactor  
  23  2:20  SCV  
  24  2:32  SCV  
  25  2:44  SCV  
  25  2:50  Starport  
  25  2:51  Orbital Command  
  25  2:53  Hellion  
  25  2:54  Hellion  
  25  2:56  SCV  
  30  3:08  SCV  
  31  3:15  Hellion x2  
  31  3:18  SCV  
  36  3:20  SCV  
  36  3:26  Viking  
  39  3:28  Supply Depot  
  39  3:30  SCV  
  39  3:32  SCV  
  41  3:40  Command Center  
  41  3:44  SCV  
  41  3:47  Hellion x2  
  46  3:50  Barracks Tech Lab  
  46  3:53  SCV, Refinery  
  47  3:56  SCV  
  48  4:05  SCV  
  48  4:08  SCV  
  44  4:17  SCV  
  44  4:18  Banshee  
  44  4:20  SCV, Marine  
  44  4:21  Bunker, Marine  
  44  4:23  Factory Tech Lab  
  51  4:29  SCV  
  50  4:32  SCV  
  50  4:36  Supply Depot  
  51  4:40  Marine, Barracks  
  51  4:41  Marine, Barracks  
  51  4:42  SCV  
  54  4:51  SCV  
  55  4:54  SCV  
  55  4:57  Engineering Bay x2  
  57  5:03  SCV, Refinery  
  57  5:05  Orbital Command  
  57  5:06  SCV  
  58  5:09  Refinery, Factory Tech Lab  
  58  5:12  Stimpack, Marine  
  59  5:16  SCV, Starport Reactor  
  59  5:18  SCV  
  61  5:27  Terran Infantry Weapons Level 1, Terran Infantry Armor Level 1  
  61  5:28  SCV  
  62  5:30  SCV, Marine  
  62  5:31  Barracks  
  62  5:32  Barracks Reactor  
  62  5:34  Barracks  
  64  5:40  Supply Depot  
  64  5:44  Siege Tank  
  64  5:45  SCV  
  64  5:47  Marine  
  69  5:52  SCV  
  69  5:54  Supply Depot, Orbital Command  
  69  5:56  Medivac  
  72  5:57  SCV  
  72  6:01  Supply Depot  
  72  6:03  Marine x2  
  72  6:04  SCV  
  76  6:07  Marine  
  76  6:08  Medivac  
  76  6:09  SCV  
  80  6:16  SCV, Siege Tank  
  84  6:20  SCV  
  84  6:21  SCV, Marine  
  84  6:22  Barracks Reactor x2  
  84  6:24  Marine x4  
  91  6:28  SCV  
  91  6:29  Supply Depot  
  91  6:30  Supply Depot x2  
  91  6:32  SCV  
  93  6:33  Medivac, SCV  
  93  6:39  Marine  
  97  6:40  SCV  
  97  6:44  SCV  
  97  6:45  Marine x2  
  101  6:50  SCV, Marine x2  
  101  6:52  Supply Depot, SCV, Combat Shield  
  105  6:56  SCV, Marine  
  105  6:59  Refinery  
  105  7:01  Siege Tank  
  110  7:02  SCV, Marine  
  110  7:03  Marine  
  110  7:04  SCV  
  110  7:06  Armory  
  110  7:07  Marine x4  
  110  7:08  Marine x2  
  120  7:09  SCV  
  120  7:12  Supply Depot  
  120  7:14  Refinery, Marine  
  122  7:17  SCV  
  122  7:19  SCV  
  122  7:20  Marine  
  122  7:21  Missile Turret  
  122  7:22  SCV  
  124  7:24  Command Center  
  124  7:27  Medivac x2  
  128  7:35  SCV  
  130  7:37  SCV  
  130  7:39  Marine  
  130  7:42  SCV  
  130  7:44  Marine x2  
  130  7:47  SCV  
  130  7:49  SCV  
  126  7:54  SCV, Siege Tank  
  126  7:55  Marine x6  
  126  7:57  Factory, Medivac, Marine  
  139  7:59  Terran Infantry Weapons Level 2, SCV  
  139  8:00  Supply Depot  
  139  8:01  Supply Depot x2  
  140  8:09  Marine  
  140  8:11  Terran Infantry Armor Level 2  
  141  8:22  Supply Depot, Marine x3  
  141  8:24  Sensor Tower  
  141  8:26  Marauder, Marine x3  
  148  8:30  SCV  
  148  8:34  SCV  
  140  8:39  Marine  
  124  8:42  SCV, Orbital Command  
  124  8:43  Factory Tech Lab  
  124  8:44  Marine x4  
  124  8:45  Marine x3  
  124  8:46  SCV  
  124  8:48  Marauder  
  133  8:49  Terran Vehicle Weapons Level 1  
  133  8:50  Supply Depot  
  133  8:51  Supply Depot  
  133  8:52  Supply Depot  
  133  8:54  SCV  
  131  8:58  SCV  
  132  9:06  SCV  
  132  9:07  Command Center  
  133  9:12  Marauder, SCV, Siege Tank  
  133  9:13  Siege Tank  
  142  9:18  SCV  
  142  9:23  Marine x4  
  142  9:24  Marine  
  147  9:33  Marauder  
  147  9:37  Supply Depot  
  149  9:44  Siege Tank  
  152  9:45  Siege Tank  
  152  9:47  Marine, Orbital Command  
  156  9:59  Marauder  
  158  10:00  Supply Depot  
  158  10:08  Marine x3  
  158  10:09  Marine  
  158  10:13  Sensor Tower  
  162  10:15  Marine x2  
  162  10:16  SCV  
  162  10:18  SCV, Siege Tank  
  162  10:21  Marauder  
  157  10:25  SCV  
  137  10:29  Marine x2  
  137  10:32  SCV  
  137  10:34  Marine x3  
  137  10:35  Marine  
  141  10:36  Siege Tank  
  141  10:39  Marine  
  141  10:42  Marauder  
  147  10:45  Marine  
  147  10:47  Marine  
  148  10:50  Siege Tank  
  148  10:53  Marine  
  152  11:01  Marine x2  
  152  11:02  Marine  
  152  11:03  Marauder, Terran Infantry Weapons Level 3  
  157  11:06  Marine x2  
  159  11:12  Siege Tank  
  159  11:13  Terran Infantry Armor Level 3, Marine x2  
  160  11:18  Marine  
  160  11:20  SCV  
  160  11:21  SCV  
  160  11:22  SCV  
  160  11:25  Marauder, Planetary Fortress  
  153  11:32  SCV  
  154  11:33  Siege Tank  
  154  11:34  Marine x4  
  161  11:41  Marine x2  
  161  11:42  Marine x2  
  161  11:46  Marauder  
  165  11:50  SCV  
  165  11:52  Sensor Tower, Marine  
  165  11:53  Supply Depot  
  167  11:54  Marine x2  
  167  11:56  Marine  
  167  11:58  Medivac  
  167  11:59  Marine  
  167  12:00  Marine x3  
  176  12:08  Marauder  
  178  12:11  Supply Depot  
  178  12:17  Marine x3  
  178  12:18  Marine  
  179  12:23  Concussive Shells  
  179  12:24  Siege Tank  
  179  12:29  Marauder  
  184  12:31  Siege Tank  
  184  12:32  Command Center  
  187  12:43  Marine  
  187  12:44  Marine x4  
  185  12:45  Liberator  
  185  12:50  Marauder  
  192  12:53  Marine x3  
  195  13:00  Terran Vehicle Weapons Level 2  
  195  13:01  Marine x2  
  195  13:04  Marine  
  198  13:08  Marine  
  197  13:16  Marine x2  
  197  13:17  Marauder  
  199  13:21  Marine  
  198  13:29  Barracks x2  
  198  13:31  Barracks  
  196  13:34  Sensor Tower  
  196  13:37  Marine x4  
  196  13:38  Marauder  
  196  13:40  Siege Tank  
  191  13:45  Viking x2  
  191  13:47  Ghost Academy  
  188  13:52  SCV x2  
  177  13:57  Marine x3  
  177  13:59  Marauder  
  177  14:00  Orbital Command  
  179  14:12  Marine x2  
  179  14:14  SCV  
  160  14:21  Marauder  
  160  14:22  Siege Tank x2  
  160  14:23  Viking x2  
  169  14:24  Barracks Tech Lab x3  
  166  14:35  Refinery  
  166  14:36  Refinery x2  
  166  14:37  Command Center  
  166  14:42  Marauder  
  168  14:47  Ghost  
  168  14:49  Personal Cloaking, Ghost  
  172  14:53  Medivac x2  
  175  15:01  Ghost  
  174  15:20  Sensor Tower  
  173  15:27  Ghost  
  173  15:28  Ghost  
  177  15:30  Marine x2  
  179  15:40  Missile Turret  
  179  15:41  Missile Turret  
  179  15:44  Command Center  
  179  15:49  Marauder, Marine x2  
  183  15:50  Marauder, Marine x6  
  195  15:57  Marauder x2  
  195  16:01  Command Center  
  195  16:02  Planetary Fortress  
  172  16:07  Marine  
  169  16:12  Ghost  
  169  16:13  Siege Tank x2  
  177  16:23  Ghost x2  
  179  16:37  Missile Turret  
  179  16:41  Ghost  
  181  16:47  Command Center  
  181  16:51  Ghost  
  181  16:52  Ghost  
  185  16:57  Terran Vehicle Weapons Level 3  
  185  17:15  Orbital Command  
  185  17:17  Missile Turret  
  185  17:21  Command Center  
  185  17:25  Enhanced Shockwaves  
  175  17:55  Hi-Sec Auto Tracking, Neosteel Armor  
  175  17:57  Siege Tank  
  177  17:58  Liberator  
  177  17:59  Liberator  
  148  18:34  Siege Tank x2  
  148  18:38  Sensor Tower  
  154  18:43  Liberator  
  154  18:44  Liberator, Nuke  
  159  19:06  Siege Tank x2  
  159  19:07  Ghost x2  
  159  19:08  Ghost  
  159  19:09  Marine  
  172  19:12  Orbital Command  
  172  19:17  Planetary Fortress  
  172  19:19  Orbital Command  
  172  19:32  Missile Turret  
  172  19:35  Terran Vehicle And Ship Armor Level 1  
  172  19:37  Marauder, Missile Turret, Marine x2  
  172  19:38  Marauder x2, Missile Turret  
  180  19:40  Marine  
  180  20:03  Factory  
  180  20:04  Command Center  
  180  20:18  Fusion Core  
  180  20:33  Refinery, Command Center  
  180  20:34  Refinery  
  180  20:35  Siege Tank  
  180  20:39  Siege Tank  
  186  20:53  Command Center  
  186  20:56  Sensor Tower  
  186  21:16  Command Center  
  186  21:17  Orbital Command  
  186  21:19  Orbital Command  
  181  21:53  Thor x3  
  190  22:15  Terran Vehicle And Ship Armor Level 2  
  187  22:30  Orbital Command  
  187  22:38  Planetary Fortress  
  187  22:42  Planetary Fortress, Command Center  
  187  22:46  Sensor Tower  
  187  22:56  Sensor Tower  
  187  22:59  Missile Turret  
  187  23:08  Missile Turret  
  187  23:16  Orbital Command  
  187  23:18  Siege Tank x3  
  179  23:26  Marine x2  
  179  23:27  Marauder x3, Marine  
  171  23:48  Liberator x2  
  177  24:07  Marine x4  
  177  24:08  Marauder x3  
  185  24:29  Marauder, Command Center  
  162  24:46  Ghost x2  
  162  24:48  Marine  
  162  24:49  SCV x6, Ghost  
  162  24:50  SCV  
  176  25:01  SCV  
  177  25:14  Ghost x2  
  175  25:47  Siege Tank x2  
  181  26:04  Marauder, Marine, Orbital Command  
  179  26:16  Siege Tank  
  180  26:32  Siege Tank x2  
  181  26:48  Siege Tank  
  181  26:53  Ghost  
  181  26:54  Ghost  
  170  27:04  Marine  
  165  27:15  Siege Tank  
  160  27:21  Siege Tank x2  
  166  27:23  Marauder x2  
  160  27:40  Marine x2  
  160  27:41  Orbital Command  
  160  27:43  Ghost  
  160  27:44  Ghost  
  163  27:57  Marine x3  
  162  28:02  SCV x2  
  162  28:03  SCV x2  

Tags
 
Add a new tag
Caveats
  • Supply blocks, unpowered buildings, or Contaminate may cause inaccurate times.
  • Supply counts are checked every 10 seconds.